 Dungeon Crawl Stone Soup version 0.32-a0-928-g1cae6b7ea0 (webtiles) character file.

Game seed: 1022524322047218362

7218 Fodor the Basher (level 10, -1/92 HPs)
             Began as a Minotaur Fighter on Apr 13, 2024.
             Was an Initiate of Gozag.
             Slain by a yak (13 damage)
             ... on level 10 of the Dungeon.
             The game lasted 00:28:43 (8061 turns).

Fodor the Basher (Minotaur Fighter)                 Turns: 8061, Time: 00:28:44

Health: -1/92      AC: 17    Str: 24    XL:     10   Next: 87%
Magic:  9/9        EV:  7    Int:  5    God:    Gozag
Gold:   1214       SH:  0    Dex: 11    Spells: 9/9 levels left

rFire   + . .        p - +3 shortbow (heavy)
rCold   x . .        (shield currently unavailable)
rNeg    + . .        q - +0 plate armour
rPois   .            (helmet restricted)
rElec   .            s - +0 cloak
rCorr   .            (no gloves)
SInv    .            e - +0 pair of boots
Will    .....        (no amulet) Stlth
                     G - ring of fire
HPRegen 0.35/turn    F - ring of positive energy
MPRegen 0.11/turn

%: no passive effects
@: mighty
A: horns 2, retaliatory headbutt
a: Renounce Religion, Potion Petition, Call Merchant, Bribe Branch


You were on level 10 of the Dungeon.
You worshipped Gozag.
Gozag was most pleased with you.
You visited 1 branch of the dungeon, and saw 10 of its levels.

You collected 1288 gold pieces.
You paid 74 gold pieces to Gozag.

Inventory:

Hand Weapons
 p - a +3 heavy shortbow (weapon)
 w - a +10 heavy dire flail
 K - a +0 arbalest
Missiles
 i - 4 silver javelins
Armour
 c - the +0 plate armour of the Apothecary {rCorr Int-5 Slay+2}
   (You found it on level 4 of the Dungeon)

   Int-5:     It affects your intelligence (-5).
   Slay+2:    It affects your accuracy & damage with ranged weapons and melee
   (+2).
   rCorr:     It protects you from acid and corrosion.
 e - a +0 pair of boots (worn)
 q - a +0 plate armour (worn)
 s - a +0 cloak (worn)
 x - a +0 tower shield
Jewellery
 k - a ring of ice
 D - an amulet of guardian spirit
 F - a ring of positive energy (right hand)
 G - a ring of fire (left hand)
Talismans
 o - a blade talisman
 B - a talisman of death
Wands
 f - a wand of warping (7)
 y - a wand of flame (39)
Scrolls
 a - a scroll of fog {unknown}
 b - 3 scrolls of blinking {unknown}
 j - 2 scrolls of brand weapon
 m - 2 scrolls of enchant armour {unknown}
 n - 2 scrolls of amnesia
 r - 3 scrolls of teleportation
 v - 2 scrolls of fear
 z - a scroll of immolation
 E - a scroll of enchant weapon {unknown}
 I - a scroll of noise {unknown}
 J - 6 scrolls of vulnerability
 L - a scroll of revelation {unknown}
Potions
 d - 2 potions of might
 g - 2 potions of heal wounds {unknown}
 l - a potion of attraction {unknown}
 t - a potion of lignification {unknown}
 u - a potion of haste {unknown}
 A - a potion of brilliance {unknown}
 C - 2 potions of mutation {unknown}
 H - 2 potions of cancellation {unknown}
 M - a potion of enlightenment {unknown}
 N - a potion of ambrosia {unknown}


   Skills:
 + Level 9.7 Fighting
 + Level 5.6(9.6) Axes
 + Level 12.1(12.6) Maces & Flails
 + Level 1.4 Ranged Weapons
 + Level 2.9 Throwing
 + Level 10.9 Armour
 + Level 2.1 Dodging
 + Level 2.1 Stealth
 + Level 4.2 Shields


You had 9 spell levels left.
You didn't know any spells.
Your spell library contained the following spells:

 Spells                   Type           Power      Damage    Failure   Level
 Slow                     Hex            0%         N/A       99%         1
 Confusing Touch          Hex            0%         N/A       100%        3
 Passwall                 Erth           0%         N/A       100%        3
 Vampiric Draining        Necr           0%         2d6       100%        3
 Volatile Blastmotes      Fire/Tloc      0%         2d10      100%        3
 Vhi's Electric Charge    Tloc/Air       0%         N/A       100%        4
 Alistair's Intoxication  Alch           0%         N/A       100%        5
 Borgnjor's Vile Clutch   Necr/Erth      0%         N/A       100%        5
 Summon Forest            Summ/Tloc      0%         N/A       100%        5
 Bombard                  Conj/Erth      0%         9d1       100%        6
 Eringya's Noxious Bog    Alch           0%         4d6       100%        6
 Summon Hydra             Summ           0%         N/A       100%        7


Dungeon Overview and Level Annotations

Branches:
Dungeon (10/15)            Temple (0/1) D:7
   Lair: D:8-11         Orc: D:9-12

Altars:
Fedhas
Gozag
Hepliaklqana
Qazlal
Xom
Zin
The Shining One

Shops:
D:2 *   D:9 =


Innate Abilities, Weirdness & Mutations

You have a pair of horns on your head.
You reflexively headbutt those who attack you in melee.


Message History

You kill the yak!
The yak barely misses you.
You shoot an arrow. The arrow barely misses the yak.
The yak gores you. The yak gores you! The yak closely misses you.
The yak gores you but does no damage.
You shoot an arrow. The arrow barely misses the yak.
The yak gores you!
* * * LOW HITPOINT WARNING * * *
The yak gores you but does no damage. x2; The yak misses you.
You furiously retaliate!
You headbutt the yak. The yak barely misses you. The yak gores you.
* * * LOW HITPOINT WARNING * * *
You shoot an arrow. The arrow hits the yak!
The yak is moderately wounded.
The yak gores you!
* * * LOW HITPOINT WARNING * * *
The yak closely misses you. You furiously retaliate!
You headbutt the yak. The yak gores you.
* * * LOW HITPOINT WARNING * * *
The yak gores you but does no damage.
You feel better. The yak gores you.
* * * LOW HITPOINT WARNING * * *
The yak gores you!
* * * LOW HITPOINT WARNING * * *
You feel better. The yak barely misses you. The yak gores you.
* * * LOW HITPOINT WARNING * * *
You feel very mighty all of a sudden. The yak gores you.
* * * LOW HITPOINT WARNING * * *
The yak barely misses you. You furiously retaliate!
You headbutt the yak!! You shoot an arrow. The arrow barely misses the yak.
The yak gores you.
* * * LOW HITPOINT WARNING * * *
The yak gores you.
* * * LOW HITPOINT WARNING * * *
The yak barely misses you. The yak gores you but does no damage.
The yak barely misses you.
You shoot an arrow. The arrow hits the yak!
The yak is almost dead.
The yak gores you!
You die...
Your body crumbles into a pile of gold. ...... ?...# ..g.# ggg # gYg

## #g# ######. #Y#
#...... ##Y## #.####.
#.Y@# ####.##### #...#
#......# #...# #.##.#.#
# #####...#####
#.##.#.###
#...........###.#..#....
..............#.#.##....
#...........#.#...##....
#####...#####.#......#.#
#...# #.##.#####>#


You could see 4 yaks, 2 gnoll sergeants and 3 gnolls.

Vanquished Creatures
  A two-headed ogre (D:8)
  A tengu warrior (D:9)
  2 kobold demonologists (D:9)
  Grinder (D:5)
  A wraith (D:8)
  A wyvern (D:7)
  2 shadows (D:10)
  8 yaks
  Eustachio (D:5)
  3 steam dragons
  A water moccasin (D:6)
  Duvessa (D:5)
  7 black bears
  An ogre (D:3)
  An orc warrior (D:7)
  An ice beast (D:7)
  2 centaurs
  A phantom (D:5)
  5 kobold brigands
  2 bullfrogs
  9 wights
  A scorpion (D:5)
  Dowan (D:5)
  The ghost of avangion the Conjurer, a weakling DECj (D:3)
  2 gnoll boudas
  4 orc priests
  2 iguanas
  Natasha (thrice) (D:3)
  A sleepcap (D:4)
  3 orc wizards
  12 gnolls
  5 adders
  A shadow imp (D:8)
  4 white imps
  2 ufetubi (D:7)
  3 dart slugs
  A ribbon worm (D:2)
  19 orcs
  7 ball pythons
  9 endoplasms
  7 giant cockroaches
  8 goblins
  7 hobgoblins
  5 quokkas
  2 bats
  4 frilled lizards
  29 kobolds
  3 rats
  A spectral orc (D:4)
199 creatures vanquished.

Notes
Turn   | Place    | Note
-------+----------+-------------------------------------------
     0 | D:1      | Fodor the Minotaur Fighter began the quest for the Orb.
     0 | D:1      | Reached XP level 1. HP: 19/19 MP: 0/0
    97 | D:1      | Reached XP level 2. HP: 27/27 MP: 1/1
   334 | D:1      | Reached XP level 3. HP: 27/33 MP: 2/2
   875 | D:2      | Identified the +1 ring mail of Haogeoss {Str+5 Dex+3}
   956 | D:2      | Found Ruugh's Assorted Antiques.
  1111 | D:2      | Reached XP level 4. HP: 40/40 MP: 3/3
  1486 | D:3      | Noticed Natasha
  1495 | D:3      | Killed Natasha
  1496 | D:3      | Reached skill level 5 in Armour
  1580 | D:3      | Noticed Natasha
  1591 | D:3      | Killed Natasha
  1592 | D:3      | Reached XP level 5. HP: 41/46 MP: 4/4
  1633 | D:3      | Noticed avangion's ghost (weakling DECj)
  1634 | D:3      | Found a transporter.
  1635 | D:3      | Noticed an ogre
  1639 | D:3      | Found a transporter.
  1689 | D:3      | Killed avangion's ghost
  1693 | D:3      | Killed an ogre
  1694 | D:3      | Reached skill level 5 in Axes
  1855 | D:3      | Noticed Natasha
  1862 | D:3      | Killed Natasha
  1863 | D:3      | Reached XP level 6. HP: 53/53 MP: 5/5
  2139 | D:4      | Identified the +0 plate armour of the Apothecary {rCorr
                  | Int-5 Slay+2}
  2151 | D:4      | Noticed an angel
  2153 | D:4      | Found a shimmering altar of Xom.
  2155 | D:4      | Found a glowing silver altar of Zin.
  2469 | D:4      | Reached skill level 5 in Fighting
  2469 | D:4      | Reached skill level 1 in Maces & Flails
  2786 | D:4      | Found a hazy altar of Hepliaklqana.
  2837 | D:5      | Entered Level 5 of the Dungeon
  2838 | D:5      | Noticed Duvessa
  2847 | D:5      | Killed Duvessa
  2848 | D:5      | Reached skill level 2 in Maces & Flails
  2848 | D:5      | Reached XP level 7. HP: 56/61 MP: 6/6
  2852 | D:5      | Reached skill level 3 in Maces & Flails
  2877 | D:5      | Noticed Dowan
  2885 | D:5      | Killed Dowan
  2886 | D:5      | Reached skill level 4 in Maces & Flails
  3040 | D:5      | Reached skill level 5 in Maces & Flails
  3127 | D:5      | Noticed Eustachio
  3137 | D:5      | Killed Eustachio
  3138 | D:5      | Reached XP level 8. HP: 65/69 MP: 7/7
  3209 | D:5      | Found an opulent altar of Gozag.
  3243 | D:5      | Became a worshipper of Gozag Ym Sagoz the Greedy
  3549 | D:5      | Noticed Grinder
  3557 | D:5      | Killed Grinder
  3558 | D:5      | Reached skill level 6 in Maces & Flails
  3558 | D:5      | Reached skill level 1 in Throwing
  3729 | D:6      | Found a glowing golden altar of the Shining One.
  3757 | D:6      | Reached skill level 7 in Maces & Flails
  3973 | D:6      | Found a blossoming altar of Fedhas.
  4065 | D:6      | Reached skill level 8 in Maces & Flails
  4392 | D:6      | Identified the +6 dagger of Duty {flame, rC+}
  4460 | D:7      | Reached XP level 9. HP: 77/78 MP: 8/8
  4467 | D:7      | Found a staircase to the Ecumenical Temple.
  4758 | D:7      | Reached skill level 1 in Stealth
  4774 | D:7      | Reached skill level 9 in Maces & Flails
  5056 | D:7      | Reached skill level 10 in Maces & Flails
  5522 | D:8      | Noticed a two-headed ogre
  5528 | D:8      | Killed a two-headed ogre
  5529 | D:8      | Reached skill level 1 in Dodging
  5534 | D:8      | Reached XP level 10. HP: 42/88 MP: 9/9
  5823 | D:8      | Reached skill level 11 in Maces & Flails
  6123 | D:9      | Noticed a rust devil
  6326 | D:9      | Found a stormy altar of Qazlal.
  6339 | D:9      | Found Pischau's Jewellery Shoppe.
  6775 | D:9      | Noticed a tengu warrior
  6786 | D:9      | Killed a tengu warrior
  6787 | D:9      | Reached skill level 10 in Armour
  7628 | D:10     | Entered Level 10 of the Dungeon
  7667 | D:10     | Reached skill level 12 in Maces & Flails
  7694 | D:10     | Reached skill level 1 in Ranged Weapons
  8061 | D:10     | Slain by a yak

Illustrated notes

Levels and vault maps discovered:
D:1:      eino_arrival_cavern_a, layout_rooms
D:2:      layout_basic, serial_shops, nicolae_shop_gibbet_a_chance
D:3:      layout_loops_ring, gammafunk_ghost_smash, uniq_natasha
D:4:      layout_loops_cross, grunt_temple_overflow_order_and_chaos_1,
          nicolae_hepliaklqana_monster_ancestors
D:5:      layout_basic, mainiacjoe_overflow_tiny_flanked,
          amcnicky_mini_rare_corridor_liquid, nicolae_zen_rock_garden,
          uniq_grinder, uniq_duvessa, uniq_eustachio
D:6:      layout_basic, mainiacjoe_overflow_catwalk, fedhas_ov_isle_minmay
D:7:      layout_rooms, minmay_temple_entry_statues_fountains, nrook_uturn
D:8:      layout_basic
D:9:      layout_long_grid, mainiacjoe_overflow_six_doors_small, serial_shops,
          shop, hangedman_glass_teeth
D:10:     layout_loops_cross, lair_entry_dummy

Skill      XL: |  1  2  3  4  5  6  7  8  9 10 |
---------------+-------------------------------+-----
Fighting       | 4 5 6 7 9 |  9.7
Armour         | 4 5 6 8 9 10 | 10.9
Axes           | 3 4 5 |  5.6
Shields        | 4 |  4.2
Maces & Flails | 2 5 8 10 12 | 12.1
Throwing       | 2 |  2.9
Stealth        | 1 2 |  2.1
Dodging        | 2 |  2.1
Ranged Weapons | 1 |  1.4

Action                     |  1- 3 |  4- 6 |  7- 9 | 10-12 || total
---------------------------+-------+-------+-------+-------++-------
  Melee: War axe           |    84 |    53 |       |       ||   137
         Headbutt          |     8 |    18 |    19 |     8 ||    53
         Dire flail        |       |    54 |   154 |    69 ||   277
   Fire: Shortbow          |       |       |       |    31 ||    31
  Throw: Javelin           |     2 |       |    12 |     9 ||    23
    Use: Scroll            |       |       |     8 |       ||     8
         Potion            |       |       |       |     5 ||     5
   Stab: Distracted        |       |       |       |     1 ||     1
 Armour: Scale mail        |    59 |       |       |       ||    59
         Plate armour      |    15 |   100 |   215 |   145 ||   475
  Dodge: Dodged            |    35 |    25 |    71 |    43 ||   174
  Block: Buckler           |    23 |     7 |       |       ||    30
         Tower shield      |       |     7 |       |       ||     7

Table legend: (Time is in decaauts)
 A = Elapsed time spent in this place.
 B = Non-inter-level travel time spent in this place.
 C = Inter-level travel time spent in this place.
 D = Time resting spent in this place.
 E = Time spent auto-exploring this place.
 F = Levels seen in this place.
 G = Mean time per level.
                   A        B        C        D        E       F      G
               +--------+--------+--------+--------+--------+-----+--------+
         Total |   8177 |   8093 |     84 |    878 |   4807 |  10 |  817.7 |
       Dungeon |   8177 |   8093 |     84 |    878 |   4807 |  10 |  817.7 |
               +--------+--------+--------+--------+--------+-----+--------+

Top non-repeatable levels by time:
     D:9: 1633 daAuts
     D:5: 887 daAuts
     D:4: 833 daAuts
     D:8: 807 daAuts
     D:7: 755 daAuts
     D:6: 728 daAuts
     D:3: 723 daAuts
     D:1: 671 daAuts
     D:2: 670 daAuts
    D:10: 465 daAuts
